 Dungeon Crawl Stone Soup version 0.26-a0-712-ga5a9c9c9d0 (webtiles) character file.

Game seed: 16187776165487829121

35 ANON1729 the Sneak (level 3, 0/33 HPs)
             Began as a Deep Dwarf Wanderer on Oct 31, 2020.
             Slain by a rat (1 damage)
             ... on level 1 of the Dungeon.
             The game lasted 00:00:48 (288 turns).

ANON1729 the Sneak (Deep Dwarf Wanderer)             Turns: 288, Time: 00:00:49

Health: 0/33       AC:  2    Str: 18    XL:     3   Next: 16%
Magic:  6/6        EV: 11    Int: 10    God:
Gold:   0          SH:  0    Dex: 12    Spells: 6/6 levels left

rFire    . . .     SeeInvis .   a - +0 club
rCold    . . .     Faith    .   (no shield)
rNeg     . . .     Spirit   .   d - +0 robe
rPois    .         Reflect  .   (no helmet)
rElec    .         Harm     .   (no cloak)
rCorr    .         Rampage  .   (no gloves)
MR       .....                  (no boots)
Stlth    ++........             (no amulet)
HPRegen  0.00/turn              (no ring)
MPRegen  0.10/turn              (no ring)

@: non-regenerating
A: damage resistance, heal wounds, sense surroundings 1, no regeneration
a: Heal Wounds


You were on level 1 of the Dungeon.
You visited 1 branch of the dungeon, and saw 1 of its levels.

Inventory:

Hand Weapons
 a - a +0 club (weapon)
 f - a +0 dagger
Armour
 d - a +0 robe (worn)
Scrolls
 b - a scroll of remove curse {unknown}
 c - a scroll of magic mapping {unknown}
Potions
 e - a potion of mutation {unknown}


   Skills:
 + Level 2.3 Fighting
 + Level 3.3 Stealth
 + Level 2.3 Spellcasting
   Level 1.7 Conjurations
   Level 1.0 Hexes
   Level 1.3 Evocations


You had 6 spell levels left.
You didn't know any spells.
Your spell library contained the following spells:

 Spells                   Type           Power        Failure   Level
 Magic Dart               Conj           #...         14%         1
 Foxfire                  Conj/Fire      #...         22%         1
 Freeze                   Ice            #...         30%         1
 Slow                     Hex            #.......     30%         2
 Blink                    Tloc           N/A          43%         2
 Call Imp                 Summ           #.......     43%         2
 Conjure Flame            Conj/Fire      #.......     54%         3
 Stone Arrow              Conj/Erth      #.....       54%         3
 Mephitic Cloud           Conj/Pois/Air  #.......     56%         3
 Frozen Ramparts          Ice            #.....       67%         3


Dungeon Overview and Level Annotations

Branches:
Dungeon (1/15)

Altars:


Innate Abilities, Weirdness & Mutations

You are resistant to damage.
You can heal yourself by infusing magical energy.
You passively map a small area around you.
You do not regenerate.


Message History

You hit the ooze but do no damage.
The ooze is severely wounded.
The rat closely misses you. The ooze closely misses you.
The rat closely misses you. The ooze hits you but does no damage.
You hit the ooze but do no damage.
The ooze is severely wounded.
The rat barely misses you. The ooze hits you but does no damage.
You hit the ooze.
You kill the ooze!
The rat closely misses you. The rat barely misses you.
You barely miss the rat. The rat closely misses you. The rat bites you.
The rat barely misses you.
You hit the rat.
The rat is severely wounded.
The rat misses you. The rat bites you.
* * * LOW HITPOINT WARNING * * *
You hit the rat.
You kill the rat!
The rat bites you.
You die...

######........##.#.#.#
#####...##.....>#
#....##..##.##
#........#..#
#....#.#...##
#......#.########
#.##......)......
##r##.###.#######.
#@.#..# #.# ##
###)##.####.#
###[....†###..#
#.......).....#
#........†.##..#
#..........###.# **
#?.............# *
#..........####.,, ,
#............ ,.# *


You could see a rat.

Vanquished Creatures
  2 oozes (D:1)
  A dart slug (D:1)
  A leopard gecko (D:1)
  A bat (D:1)
  3 giant cockroaches (D:1)
  2 goblins (D:1)
  A hobgoblin (D:1)
  4 jackals (D:1)
  A frilled lizard (D:1)
  3 kobolds (D:1)
  3 rats (D:1)
22 creatures vanquished.

Notes
Turn   | Place    | Note
-------+----------+-------------------------------------------
     0 | D:1      | ANON1729 the Deep Dwarf Wanderer began the quest for the
                  | Orb.
     0 | D:1      | ANON1729 set off with the following items: a +0 club, a +0
                  | robe, a +0 dagger; and the following spells available to
                  | memorise: Magic Dart, Foxfire, Freeze, Slow, Blink, Call
                  | Imp, Conjure Flame, Stone Arrow, Mephitic Cloud, Frozen
                  | Ramparts
     0 | D:1      | Reached XP level 1. HP: 19/19 MP: 3/3
    77 | D:1      | Reached XP level 2. HP: 6/26 MP: 5/5
    87 | D:1      | Reached skill level 3 in Stealth
   273 | D:1      | Reached XP level 3. HP: 4/32 MP: 6/6
   287 | D:1      | HP: 1/33 [rat (1)]
   288 | D:1      | Slain by a rat

Illustrated notes

Levels and vault maps discovered:
D:1:      nicolae_arrival_memento_mori, layout_rooms

Skill      XL: |  1  2 |
---------------+-------+-----
Fighting       | 2 |  2.3
Spellcasting   | 2 |  2.3
Stealth        | 3 |  3.3
Conjurations   | |  1.7
Hexes          | |  1.0
Evocations     | |  1.3

Action                   || total
-------------------------++-------
Melee: Club              ||   141
 Abil: Heal Wounds       ||     1
 Stab: Sleeping          ||     2
Armor: Robe              ||    56
Dodge: Dodged            ||   161

Table legend: (Time is in decaauts)
 A = Elapsed time spent in this place.
 B = Non-inter-level travel time spent in this place.
 C = Inter-level travel time spent in this place.
 D = Time resting spent in this place.
 E = Time spent auto-exploring this place.
 F = Levels seen in this place.
 G = Mean time per level.
                   A        B        C        D        E       F      G
               +--------+--------+--------+--------+--------+-----+--------+
         Total |    330 |    330 |      0 |      0 |     75 |   1 |  330.0 |
       Dungeon |    330 |    330 |      0 |      0 |     75 |   1 |  330.0 |
               +--------+--------+--------+--------+--------+-----+--------+

Top non-repeatable levels by time:
     D:1: 330 daAuts
